Map: Rhoskallian LE

Players

Bartalife

  • Race: Protoss Protoss
  • League: Platinum
  • Spawn Location: 5:00

skinsid

  • Race: Protoss Protoss
  • League: Gold
  • Spawn Location: 6:00

qqq - Winner!

  • Race: Zerg Zerg
  • League: Platinum
  • Spawn Location: 11:00

Massa - Winner!

  • Race: Terran Terran
  • League: Platinum
  • Spawn Location: 12:00

VOD

Have the link to the VOD?

Description

Time

  • Played on: Dec. 5, 2020, 8:35 a.m.
  • Length: 13:08
Show
View Real Time Build Order
Export as new Build Order

Bartalife Protoss 

Build Orders:  

Get SALT Encoding   

  12  0:00  Probe  
  13  0:12  Probe  
  14  0:22  Pylon  
  14  0:24  Probe  
  15  0:40  Probe (Chrono Boost), Gateway  
  16  0:51  Assimilator  
  16  0:52  Probe (Chrono Boost)  
  17  0:59  Assimilator  
  17  1:00  Probe (Chrono Boost)  
  18  1:06  Probe  
  19  1:21  Probe  
  20  1:29  Cybernetics Core  
  20  1:30  Pylon  
  20  1:33  Probe  
  21  1:45  Probe  
  22  1:59  Nexus  
  22  2:04  Probe  
  23  2:09  Adept (Chrono Boost)  
  25  2:16  Probe  
  26  2:23  Warp Gate  
  26  2:28  Probe  
  27  2:36  Adept (Chrono Boost)  
  27  2:40  Probe  
  30  2:52  Probe  
  30  2:53  Pylon  
  30  2:56  Pylon  
  31  3:13  Probe x2  
  31  3:15  Adept  
  31  3:19  Stargate  
  35  3:25  Probe x2  
  37  3:31  Stargate  
  37  3:37  Probe  
  37  3:39  Probe  
  39  3:49  Probe  
  40  3:57  Gateway  
  40  4:01  Gateway  
  40  4:05  Probe x2  
  40  4:08  Assimilator x2  
  42  4:14  Phoenix (Chrono Boost)  
  44  4:17  Probe  
  44  4:18  Probe  
  48  4:24  Phoenix (Chrono Boost)  
  48  4:29  Probe  
  49  4:32  Forge  
  49  4:35  Probe  
  50  4:39  Phoenix (Chrono Boost)  
  50  4:41  Probe  
  53  4:48  Phoenix (Chrono Boost)  
  55  4:53  Probe  
  55  4:54  Probe  
  55  4:58  Pylon  
  57  5:05  Probe  
  57  5:06  Probe  
  59  5:17  Probe  
  60  5:29  Oracle, Phoenix  
  60  5:33  Gateway  
  65  5:39  Probe x2  
  67  5:54  Probe, Phoenix  
  67  5:55  Nexus  
  70  5:57  Pylon  
  70  6:00  Protoss Ground Weapons Level 1 (Chrono Boost)  
  70  6:02  Pylon  
  70  6:04  Pylon  
  70  6:15  Probe, Phoenix  
  73  6:19  Phoenix  
  75  6:29  Probe x2  
  77  6:33  Gateway  
  77  6:35  Gateway  
  77  6:37  Gateway  
  77  6:39  Photon Cannon  
  77  6:40  Photon Cannon  
  77  6:41  Probe x2  
  77  6:42  Gateway  
  79  6:48  Pylon  
  79  6:53  Probe  
  80  7:10  Phoenix x2  
  84  7:26  Photon Cannon  
  84  7:28  Photon Cannon  
  84  7:29  Photon Cannon  
  84  7:31  Photon Cannon  
  84  7:32  Gateway  
  84  7:35  Phoenix  
  84  7:36  Gateway  
  86  7:39  Photon Cannon  
  86  7:46  Gateway  
  86  7:49  Pylon  
  86  7:50  Probe x3  
  87  8:02  Probe, Assimilator  
  87  8:05  Protoss Ground Armor Level 1 (Chrono Boost)  
  86  8:06  Assimilator  
  86  8:08  Void Ray  
  86  8:14  Robotics Facility  
  88  8:21  Zealot x3, Stalker  
  88  8:22  Stalker x2  
  88  8:23  Stalker  
  102  8:32  Twilight Council  
  102  8:39  Probe x3, Shield Battery  
  105  8:44  Zealot x4  
  105  8:48  Stalker  
  115  8:51  Void Ray  
  115  8:53  Void Ray  
  115  9:01  Observer (Chrono Boost)  
  124  9:05  Probe  
  125  9:13  Pylon  
  125  9:14  Pylon  
  125  9:26  Pylon  
  125  9:28  Void Ray, Pylon  
  125  9:29  Probe  
  125  9:31  Probe x2  
  131  9:41  Probe  
  131  9:42  Pylon  
  131  9:44  Probe, Pylon, Stalker x5  
  131  9:45  Stalker  
  117  10:06  Stalker x3  
  117  10:07  Stalker x3  
  101  10:14  Pylon  
  101  10:15  Charge (Chrono Boost), Pylon  
  101  10:16  Pylon  
  97  10:22  Stalker  
  99  10:34  Warp Prism  
  101  10:53  Probe x2  
  101  10:54  Probe  
  101  11:06  Stalker x5  
  101  11:10  Photon Cannon  
  101  11:11  Photon Cannon  
  109  11:13  Photon Cannon  
  104  11:20  Void Ray x2 (Chrono Boost)  
  98  11:42  Stalker  
  98  11:43  Stalker x4  
  108  11:50  Void Ray x2  
  105  12:38  Stalker x3  
  105  12:39  Stalker x5  
  105  12:40  Stalker x2  
Show
View Real Time Build Order
Export as new Build Order

skinsid Protoss 

Build Orders:  

Get SALT Encoding   

  12  0:24  Probe (Chrono Boost)  
  13  0:30  Pylon  
  13  0:34  Probe (Chrono Boost)  
  14  0:38  Probe (Chrono Boost)  
  15  0:51  Gateway  
  15  0:52  Gateway  
  15  1:14  Pylon  
  15  1:15  Probe  
  15  1:17  Assimilator  
  16  1:21  Assimilator  
  16  1:39  Cybernetics Core  
  16  1:42  Zealot  
  18  1:50  Probe (Chrono Boost)  
  19  2:00  Probe (Chrono Boost)  
  20  2:05  Probe (Chrono Boost)  
  21  2:12  Warp Gate (Chrono Boost)  
  21  2:16  Probe  
  22  2:28  Probe  
  22  2:32  Stalker  
  24  2:43  Nexus  
  24  2:52  Probe  
  25  3:04  Probe  
  26  3:19  Pylon  
  26  3:20  Pylon  
  26  3:26  Probe  
  31  3:37  Pylon  
  31  3:40  Probe  
  32  3:50  Stalker x2  
  32  3:54  Probe (Chrono Boost)  
  34  3:57  Probe (Chrono Boost)  
  34  4:06  Probe (Chrono Boost)  
  36  4:13  Probe (Chrono Boost)  
  36  4:14  Probe (Chrono Boost)  
  37  4:18  Robotics Facility  
  37  4:19  Probe  
  37  4:20  Probe  
  39  4:27  Forge  
  39  4:32  Probe  
  40  4:39  Probe, Twilight Council  
  40  4:44  Probe  
  42  4:51  Probe  
  43  4:56  Probe  
  44  5:02  Pylon  
  44  5:03  Stalker x2  
  44  5:04  Pylon  
  48  5:08  Probe x2  
  51  5:14  Observer  
  51  5:19  Protoss Ground Weapons Level 1 (Chrono Boost)  
  51  5:20  Probe x2  
  52  5:28  Stalker x2  
  54  5:30  Blink (Chrono Boost)  
  54  5:32  Probe  
  55  5:36  Probe  
  56  5:43  Assimilator  
  56  5:44  Probe  
  56  5:47  Assimilator  
  56  5:48  Probe  
  58  5:59  Gateway  
  58  6:00  Gateway  
  58  6:03  Gateway  
  58  6:14  Gateway  
  58  6:15  Gateway  
  58  6:17  Gateway  
  58  6:22  Stalker  
  58  6:23  Stalker  
  62  6:27  Robotics Bay  
  62  6:33  Robotics Facility  
  62  6:44  Nexus  
  62  6:47  Probe x2  
  64  6:59  Probe x2  
  66  7:11  Probe  
  66  7:15  Probe  
  68  7:17  Protoss Ground Armor Level 1  
  68  7:18  Charge (Chrono Boost)  
  68  7:20  Extended Thermal Lance (Chrono Boost)  
  68  7:23  Probe  
  69  7:34  Assimilator  
  69  7:38  Assimilator  
  69  7:43  Pylon x2  
  69  7:45  Pylon  
  69  7:46  Zealot x3, Pylon  
  69  7:47  Zealot  
  77  7:53  Probe  
  77  7:55  Probe  
  79  8:05  Probe  
  80  8:08  Probe, Zealot x4  
  89  8:14  Colossus (Chrono Boost)  
  89  8:17  Probe  
  97  8:21  Probe (Chrono Boost)  
  97  8:22  Observer (Chrono Boost)  
  99  8:27  Probe (Chrono Boost)  
  99  8:28  Templar Archives  
  99  8:30  Probe (Chrono Boost)  
  101  8:35  Probe (Chrono Boost)  
  101  8:37  Probe (Chrono Boost)  
  101  8:39  Probe (Chrono Boost)  
  103  8:43  Probe (Chrono Boost), Stalker  
  103  8:44  Stalker x2  
  103  8:45  Probe (Chrono Boost)  
  103  8:46  Probe (Chrono Boost)  
  112  8:49  Colossus (Chrono Boost)  
  118  8:56  Gravitic Boosters  
  118  9:01  Colossus (Chrono Boost)  
  124  9:25  Protoss Ground Weapons Level 2  
  121  9:47  Pylon x2  
  103  10:15  Nexus  
  103  10:29  Colossus x2  
  103  10:33  Nexus  
  103  10:34  Pylon x2  
  115  10:36  Pylon  
  115  10:53  Pylon  
  115  10:54  Pylon  
  115  10:55  Probe x2  
  115  10:56  Pylon  
  115  11:07  Probe x2  
  98  11:19  Probe, Stalker x2  
  98  11:20  Stalker x6  
  99  11:45  High Templar x4  
  107  11:48  Zealot x4  
  107  11:50  Archon x2  
  113  12:25  Pylon  
  113  12:27  Pylon  
  71  12:40  Zealot x5  
  71  12:41  Zealot x3  
  64  13:00  Zealot  
  64  13:01  Zealot x7  
Show
View Real Time Build Order
Export as new Build Order

qqq Zerg - Winner!

Build Orders: Hatch First, Brood Lord Corruptor 

Get SALT Encoding   

  12  0:02  Drone  
  13  0:08  Drone  
  14  0:22  Overlord  
  14  0:47  Hatchery  
  14  0:48  Drone  
  14  0:52  Drone  
  14  0:55  Extractor  
  14  0:59  Drone  
  15  1:21  Drone  
  15  1:22  Spawning Pool  
  15  1:33  Drone x2  
  17  1:47  Drone x2  
  19  2:03  Drone  
  19  2:05  Drone  
  21  2:08  Lair  
  21  2:21  Drone x2  
  23  2:23  Overlord  
  23  2:29  Queen  
  25  2:36  Zergling x2  
  25  2:37  Zergling x2  
  27  2:40  Extractor  
  27  2:41  Drone  
  26  3:07  Drone  
  26  3:12  Drone x2  
  29  3:13  Drone x2, Spire  
  29  3:14  Drone  
  31  3:26  Drone  
  32  3:28  Queen  
  32  3:32  Metabolic Boost  
  32  3:33  Zergling x2  
  35  3:34  Drone  
  35  3:40  Overlord  
  36  3:56  Overlord  
  36  3:59  Drone x4  
  40  4:08  Extractor x2  
  40  4:09  Drone  
  39  4:12  Drone  
  39  4:15  Drone  
  41  4:25  Mutalisk  
  41  4:27  Mutalisk  
  45  4:37  Infestation Pit  
  45  4:38  Mutalisk  
  44  4:40  Drone x4  
  50  4:54  Drone  
  50  4:57  Overlord  
  50  4:59  Overlord  
  51  5:01  Drone  
  52  5:10  Hatchery  
  51  5:15  Corruptor x2  
  51  5:19  Zerg Flyer Weapons Level 1  
  55  5:24  Drone x2  
  55  5:25  Drone  
  58  5:31  Corruptor  
  60  5:41  Overlord  
  60  5:44  Hive  
  60  5:55  Overlord x3  
  60  5:59  Drone  
  60  6:00  Drone x2  
  63  6:10  Corruptor  
  65  6:12  Drone x3  
  68  6:21  Spore Crawler  
  68  6:22  Drone  
  68  6:23  Corruptor  
  70  6:27  Corruptor  
  70  6:31  Corruptor  
  74  6:44  Corruptor  
  77  6:47  Drone  
  77  6:48  Drone  
  77  6:49  Drone  
  77  6:52  Spore Crawler  
  77  6:54  Corruptor  
  78  6:55  Spore Crawler  
  78  6:59  Spore Crawler, Corruptor  
  80  7:07  Corruptor  
  80  7:08  Corruptor  
  84  7:15  Corruptor  
  86  7:28  Corruptor x2  
  86  7:29  Drone x3  
  93  7:36  Corruptor  
  95  7:42  Queen  
  97  7:45  Overlord x2  
  97  7:47  Overlord  
  97  7:48  Drone  
  98  7:57  Overlord x3  
  97  7:59  Drone  
  97  8:03  Spine Crawler  
  97  8:04  Extractor  
  96  8:06  Drone  
  96  8:07  Extractor  
  96  8:09  Mutalisk  
  99  8:12  Drone  
  99  8:23  Mutalisk  
  99  8:24  Mutalisk, Corruptor  
  99  8:25  Mutalisk  
  107  8:38  Greater Spire, Corruptor  
  109  8:41  Drone  
  109  8:42  Drone  
  111  8:49  Drone  
  111  8:53  Viper  
  115  9:02  Hatchery  
  114  9:33  Mutalisk  
  114  9:34  Viper  
  114  9:35  Viper  
  114  9:36  Viper  
  125  9:44  Mutalisk  
  127  9:45  Drone  
  127  9:46  Drone x4  
  112  10:27  Brood Lord x3  
  112  10:28  Brood Lord  
  120  10:29  Brood Lord  
  120  10:30  Drone x2  
  120  10:31  Drone x3, Zergling x4  
  120  10:32  Zergling x18  
  138  10:36  Spine Crawler  
  138  10:38  Spine Crawler x2  
  138  10:41  Spine Crawler  
  122  10:58  Drone x5  
  124  11:04  Mutalisk x3  
  127  11:25  Brood Lord x2  
  124  11:26  Corruptor  
  124  11:27  Drone  
  124  11:28  Drone  
  126  11:40  Hatchery, Mutalisk x2  
  126  11:43  Overlord x4  
  126  11:44  Drone x2, Hatchery  
  126  11:45  Hatchery  
  129  12:02  Drone  
  129  12:06  Zergling x8  
  111  12:37  Corruptor x3  
  111  12:38  Drone x2  
  111  12:39  Drone  
Show
View Real Time Build Order
Export as new Build Order

Massa Terran - Winner!

Build Orders: 2 Factory, Gas First Reaper Expand 

Get SALT Encoding   

  12  0:00  SCV  
  13  0:12  SCV  
  14  0:23  Supply Depot  
  14  0:24  SCV  
  15  0:31  Refinery  
  15  0:45  SCV  
  15  0:46  Barracks  
  16  0:57  SCV  
  17  1:09  SCV  
  18  1:21  SCV  
  19  1:33  Orbital Command  
  19  1:34  Reaper  
  20  1:49  Command Center  
  20  1:56  Refinery  
  20  1:59  SCV  
  21  2:06  Marine  
  22  2:11  SCV  
  23  2:19  Factory  
  23  2:25  Barracks Reactor  
  23  2:35  Supply Depot  
  23  2:42  Factory  
  23  2:54  Supply Depot  
  23  2:57  SCV  
  24  3:09  SCV  
  25  3:25  Supply Depot  
  25  3:26  Barracks Tech Lab, Supply Depot  
  25  3:27  Factory Tech Lab  
  25  3:30  Orbital Command  
  25  3:31  SCV  
  26  3:37  Widow Mine  
  26  3:39  Widow Mine  
  30  3:44  SCV  
  30  3:48  Armory  
  31  3:57  Supply Depot  
  31  4:05  Siege Tank  
  31  4:06  Marine  
  35  4:17  Widow Mine x2  
  35  4:22  SCV x2  
  35  4:24  Marine  
  41  4:29  Engineering Bay  
  42  4:34  SCV x2, Supply Depot  
  44  4:53  SCV x2  
  46  5:05  SCV x2  
  48  5:17  SCV  
  45  5:22  Marauder  
  45  5:25  Widow Mine x3  
  45  5:26  Drilling Claws  
  53  5:35  SCV x2  
  54  5:38  Refinery  
  54  5:39  Missile Turret  
  54  5:41  Missile Turret  
  54  5:43  Marauder  
  54  5:45  Missile Turret  
  54  5:46  Widow Mine x2  
  54  5:47  SCV x2  
  54  5:48  Missile Turret  
  62  5:51  Missile Turret  
  62  5:54  Terran Infantry Weapons Level 1  
  62  5:55  Missile Turret  
  62  5:56  Terran Vehicle Weapons Level 1  
  62  5:59  SCV  
  62  6:00  SCV  
  64  6:05  Refinery  
  64  6:08  Barracks  
  64  6:09  Barracks  
  64  6:11  SCV  
  64  6:17  Widow Mine x2  
  64  6:18  Widow Mine  
  71  6:39  Widow Mine  
  75  6:40  Marauder  
  75  6:41  Stimpack  
  75  6:57  Barracks Reactor x2  
  77  7:01  Marauder  
  77  7:09  Siege Tank  
  77  7:10  Widow Mine x2  
  77  7:12  Command Center  
  83  7:31  Widow Mine  
  85  7:41  Supply Depot  
  85  7:42  Supply Depot x2  
  85  7:43  Supply Depot  
  85  7:47  Missile Turret x2  
  85  7:48  Terran Infantry Armor Level 1, Missile Turret  
  85  7:50  Terran Vehicle And Ship Armor Level 1  
  85  7:53  SCV  
  86  8:02  SCV, Siege Tank  
  86  8:03  Widow Mine, Marauder  
  86  8:04  Marine x4  
  86  8:05  Supply Depot  
  98  8:09  Supply Depot  
  98  8:10  Supply Depot  
  98  8:11  Missile Turret  
  98  8:23  Marine  
  98  8:24  Marauder, Marine x3  
  104  8:28  Widow Mine x2  
  108  8:35  Siege Tank  
  111  8:41  Marine x2  
  111  8:42  Marine  
  111  8:46  Marauder  
  111  8:47  Marine  
  117  8:48  Combat Shield  
  117  8:56  Engineering Bay  
  117  8:58  Orbital Command  
  117  8:59  SCV x2, Marine x3  
  122  9:07  Marauder  
  124  9:11  SCV x2  
  126  9:23  SCV x2  
  128  9:28  Marauder  
  119  10:05  Marauder, Marine x4  
  98  10:07  SCV x3  
  91  10:14  Thor  
  91  10:17  Widow Mine x2  
  91  10:19  SCV x3  
  91  10:21  Barracks x2  
  100  10:22  Marine x2  
  100  10:23  Barracks, Marine x2  
  100  10:26  Marauder  
  100  10:31  SCV, Concussive Shells  
  101  10:39  Widow Mine  
  101  10:40  Marine x2  
  105  10:47  Marauder, Marine x2  
  109  10:54  Widow Mine  
  111  10:57  Thor  
  111  10:58  Marine x2  
  111  11:00  Widow Mine  
  120  11:09  Marauder  
  118  11:16  Widow Mine  
  119  11:21  Widow Mine  
  121  11:30  Marauder  
  123  11:40  Siege Tank  
  124  11:51  Marauder  
  126  11:54  Starport  
  126  11:57  Starport  
  126  11:58  Barracks Tech Lab x2  
  126  11:59  Barracks Reactor, Marine x2  
  126  12:00  Marine x2  
  130  12:12  Command Center  
  130  12:13  Marauder, Siege Tank  
  135  12:17  Marine x4  
  131  12:29  Command Center  
  123  12:33  Marauder x2  
  123  12:34  Marauder  
  123  12:35  Marine x2  
  131  12:42  Starport Tech Lab, Starport Reactor  
Tags
 
Add a new tag
Caveats
  • Supply blocks, unpowered buildings, or Contaminate may cause inaccurate times.
  • Supply counts are checked every 10 seconds.